 Dungeon Crawl Stone Soup version 0.15-a0-935-g62ff1c1 (webtiles) character file.

1370 MDvedh the Spear-Bearer (level 8, -3/58 HPs)
             Began as a Merfolk Berserker on May 21, 2014.
             Was an Elder of Trog.
             Splashed by a jelly's acid (6 damage)
             ... on Level 5 of the Dungeon.
             The game lasted 00:14:54 (5520 turns).

MDvedh the Spear-Bearer (Merfolk Berserker)         Turns: 5520, Time: 00:14:55

HP  -3/58        AC -49    Str 17      XL: 8   Next: 65%
MP   8/8         EV  6     Int  7      God: Trog [****..]
Gold 170         SH  0     Dex 15      Spells:  0 memorised,  7 levels left

rFire  . . .     SeeInvis .     s - +1,+0 flail (curse)
rCold  . . .     Clarity  +     n - +0 chain mail
rNeg   . . .     Conserve .     (no shield)
rPois  .         rCorr    .     i - +2 helmet
rElec  +         rRot     .     v - +0 cloak
SustAb .         Spirit   .     b - +0 pair of gloves
rMut   .         Warding  .     (no boots)
Gourm  .         Stasis   .     l - amulet of clarity
MR     .....                    (no ring)
                                (no ring)

@: about to teleport, not resistant to hostile enchantments, extremely
unstealthy
A: change form in water, swift swim, yellow scales 1, blurry vision 1,
electricity resistance
a: Burn Spellbooks, Berserk, Trog's Hand, Brothers in Arms, Renounce Religion


You were on level 5 of the Dungeon.
You worshipped Trog.
Trog was greatly pleased with you.
You were not hungry.

You visited 1 branch of the dungeon, and saw 5 of its levels.
You also visited: Ossuary.

You collected 230 gold pieces.
You spent 60 gold pieces at shops.

Inventory:

Hand weapons
 a - a +0,+0 spear
 s - a cursed +1,+0 flail (weapon)
Armour
 b - a +0 pair of gloves (worn)
 i - a +2 helmet (worn)
 n - a +0 chain mail (worn)
 v - a +0 cloak (worn)
Magical devices
 g - a wand of fire (5) {unknown}
Comestibles
 c - 4 bread rations
 k - a pear
Scrolls
 d - 2 scrolls of fog
 f - 2 scrolls of magic mapping
 h - 5 scrolls of teleportation
 j - a scroll of enchant armour
 w - 3 scrolls of remove curse
Jewellery
 l - an amulet of clarity (around neck)
Potions
 e - 2 potions of paralysis {unknown}
 m - a potion of might
 o - 2 potions of haste
 q - a potion of agility {unknown}
 r - a potion of brilliance
 u - 2 potions of curing
 x - a potion of resistance {unknown}
 z - a potion of heal wounds {unknown}


   Skills:
 - Level 3.2 Fighting
 - Level 12.4 Polearms
 - Level 1.3 Armour
 + Level 8.2 Dodging


You had 7 spell levels left.
You didn't know any spells.

Dungeon Overview and Level Annotations

Branches:
Dungeon (5/15)             Temple (0/1) D:4

Altars:
Cheibriados
Dithmenos
Makhleb
Xom
Zin

Shops:
D:5 %


Innate Abilities, Weirdness & Mutations

You revert to your normal form in water.
You are very nimble and swift while swimming.
You are partially covered in yellow scales (AC +2).
Your vision is a little blurry.
You are resistant to electric shocks.


Message History

The acid burns!
* * * LOW HITPOINT WARNING * * *
You hit the jelly but do no damage. The acid corrodes your equipment!
The jelly is heavily wounded.
The jelly barely misses you. The jelly hits you.
* * * LOW HITPOINT WARNING * * *
You are splashed with acid!
The acid corrodes your equipment!
The acid burns!
* * * LOW HITPOINT WARNING * * *
You hit the jelly but do no damage. The acid corrodes your equipment!
The jelly is heavily wounded.
The jelly hits you.
* * * LOW HITPOINT WARNING * * *
You are splashed with acid!
The acid burns!
* * * LOW HITPOINT WARNING * * *
Read which item? (? for menu, Esc to quit)
As you read the scroll of teleportation, it crumbles to dust.
You feel strangely unstable. The jelly hits you.
* * * LOW HITPOINT WARNING * * *
You are splashed with acid!
The acid corrodes your equipment!
The acid burns!
You die...

#.,,,,,,,,, * ###.#######
#.*********.* #.....#
#.##**#####.#*#.###.#
#...,,...,......* #.#
#..#**#.#*#.###.###.#
###..####.# #.# #.....#
#.........# #># #####.##
#.#..###..###.######...####
* #..# #.J@................
*,#..# ##........###...####
*,#..########.##.# ##.##
*,#.>.........##.# #.#
*,##..........##.# #.#
*,*#############.# #.# *
*,* #.# #.# * *,* #.# #)# *
*,* #.# #.#


You could see a jelly.

Vanquished Creatures
  Grinder (D:3)
  Menkaure (Ossuary)
  A water moccasin (D:5)
  A giant frog (D:5)
  6 crimson imps
  A jelly (D:3)
  2 human zombies (Ossuary)
  2 centaur zombies (Ossuary)
  2 hounds (D:4)
  An iguana (D:5)
  An orc wizard (D:3)
  A quasit (D:5)
  A worker ant (D:4)
  Jessica (D:3)
  3 ogre zombies (Ossuary)
  6 mummies (Ossuary)
  Terence (D:2)
  3 adders
  2 shadow imps (D:5)
  A giant mite (D:4)
  A worm (D:5)
  3 adder zombies (Ossuary)
  An iguana zombie (D:5)
  An adder skeleton (D:4)
  6 giant geckos
  7 orcs
  4 giant cockroaches
  11 goblins
  9 hobgoblins
  9 kobolds
  2 quokkas
  10 bats
  6 giant newts
  A giant newt skeleton (D:4)
  A gnoll zombie (Ossuary)
  4 goblin zombies (Ossuary)
  5 hobgoblin zombies
  7 jackals
  A kobold skeleton (D:5)
  2 kobold zombies (Ossuary)
  4 quokka zombies (Ossuary)
  9 rats
  5 rat zombies (Ossuary)
147 creatures vanquished.

Notes
Turn   | Place    | Note
--------------------------------------------------------------
     0 | D:1      | MDvedh, the Merfolk Berserker, began the quest for the Orb.
     0 | D:1      | Reached XP level 1. HP: 18/18 MP: 1/1
   118 | D:1      | Reached skill level 5 in Polearms
   324 | D:1      | Reached XP level 2. HP: 14/24 MP: 2/2
   821 | D:1      | Acquired Trog's second power
  1046 | D:1      | Reached XP level 3. HP: 29/29 MP: 3/3
  1107 | D:2      | Reached skill level 6 in Polearms
  1168 | D:2      | Noticed Terence
  1175 | D:2      | Killed Terence
  1242 | D:2      | Found a shimmering altar of Xom.
  1252 | D:2      | Found a snail-covered altar of Cheibriados.
  2011 | D:3      | Reached XP level 4. HP: 35/35 MP: 4/4
  2030 | D:3      | Reached skill level 7 in Polearms
  2219 | D:3      | Noticed Jessica
  2237 | D:3      | Reached skill level 8 in Polearms
  2237 | D:3      | Reached XP level 5. HP: 25/41 MP: 5/5
  2251 | D:3      | Killed Jessica
  2440 | D:3      | Noticed Grinder
  2459 | D:3      | Killed Grinder
  2459 | D:3      | Reached skill level 10 in Polearms
  2459 | D:3      | Reached XP level 6. HP: 29/47 MP: 6/6
  2817 | D:3      | Found a shimmering altar of Xom.
  2845 | D:3      | Reached XP level 7. HP: 52/52 MP: 7/7
  2890 | D:3      | Reached skill level 11 in Polearms
  3353 | D:4      | Found a burning altar of Makhleb.
  3556 | D:4      | Found a staircase to the Ecumenical Temple.
  3617 | D:4      | Found a shadowy altar of Dithmenos.
  3972 | D:5      | Entered Level 5 of the Dungeon
  3987 | D:5      | Acquired Trog's third power
  4035 | D:5      | Gained mutation: You are resistant to electric shocks. [potion of mutation]
  4035 | D:5      | Gained mutation: Your vision is a little blurry. [potion of mutation]
  4035 | D:5      | Gained mutation: You are partially covered in yellow scales (AC +2). [potion of mutation]
  4111 | D:5      | Reached skill level 12 in Polearms
  4149 | D:5      | Found a sand-covered staircase.
  4162 | Ossuary  | Entered an ossuary
  4290 | Ossuary  | Reached XP level 8. HP: 56/58 MP: 8/8
  4301 | Ossuary  | Noticed Menkaure
  4321 | Ossuary  | Killed Menkaure
  4321 | Ossuary  | Reached skill level 5 in Dodging
  5047 | D:5      | Identified a scroll of acquirement
  5287 | D:5      | Found Huv Apy's Food Shop.
  5323 | D:5      | Found a glowing silver altar of Zin.
  5324 | D:5      | Found Zin's Purification Station.
  5339 | D:5      | Bought a potion of curing for 60 gold pieces
  5512 | D:5      | HP: 2/58 [acid (5)]
  5520 | D:5      | Splashed by a jelly's acid

Action                   |  1- 3 |  4- 6 |  7- 9 || total
-------------------------+-------+-------+-------++-------
Melee: Spear             |   221 |   140 |   562 ||   923
       Flail             |       |     5 |    16 ||    21
Invok: Berserk           |     1 |     2 |     1 ||     4
Evoke: Wand              |       |       |     1 ||     1
  Use: Scroll            |       |       |    18 ||    18
       Potion            |       |       |     4 ||     4
 Stab: Distracted        |     1 |       |       ||     1
